 Dungeon Crawl Stone Soup version 0.27-a0-988-g25969acef8 (webtiles) character file.

Game seed: 16412887782889116210

87777 tardwrangler69 the Earth Mage (level 15, -2/136 (137) HPs)
             Began as a Green Draconian Earth Elementalist on Apr 15, 2021.
             Was a High Priest of Vehumet.
             Slain by an eight-headed hydra (5 damage)
             ... on level 12 of the Dungeon.
             The game lasted 01:08:17 (40441 turns).

tardwrangler69 the Earth Mage (DrEE)               Turns: 40441, Time: 01:08:17

HP:   -2/136 (137)  AC: 25    Str: 11    XL:     15   Next: 44%
MP:   2/29          EV: 14    Int: 26    God:    Vehumet [*****.]
Gold: 2179          SH:  5    Dex:  9    Spells: 10/34 levels left

rFire    . . .     SeeInvis .   O - +9 mace "Varreof" {vorpal, Int+5 Dex-3}
rCold    . . .     Faith    .   (no shield)
rNeg     . . .     Spirit   .   (armour unavailable)
rPois    +         Reflect  +   (helmet restricted)
rElec    .         Harm     .   K - +0 cloak
rCorr    .         Rampage  .   k - +0 pair of gloves
Will     +....                  B - +1 pair of boots
Stlth    ++........             l - amulet of reflection
HPRegen  0.32/turn              y - +4 ring of protection
MPRegen  0.21/turn              b - +4 ring of protection

@: ice-armoured, corroded, lightly drained
A: breathe noxious fumes, AC +9, unfitting armour, stinger 1, poison resistance,
cold-blooded
a: Breathe Noxious Fumes, Renounce Religion


You were on level 12 of the Dungeon.
You worshipped Vehumet.
Vehumet was extremely pleased with you.
You visited 4 branches of the dungeon, and saw 21 of its levels.

You collected 2179 gold pieces.

Inventory:

Hand Weapons
 I - a +5 trident of protection
 O - the +9 mace "Varreof" (weapon) {vorpal, Int+5 Dex-3}
   (You found it on level 1 of the Lair of Beasts)

   It inflicts extra damage upon your enemies.
   It affects your intelligence (+5).
   It affects your dexterity (-3).
Missiles
 H - 2 boomerangs of dispersal
 J - a throwing net
 N - 4 stones
Armour
 k - a +0 pair of gloves (worn)
 B - a +1 pair of boots (worn)
 K - a +0 cloak (worn)
Jewellery
 b - a +4 ring of protection (right hand)
 l - an amulet of reflection (around neck)
 n - a ring of ice
 y - a +4 ring of protection (left hand)
 R - a +6 ring of strength
 S - a ring of resist corrosion
Wands
 o - a wand of flame (30)
 q - a wand of polymorph (14)
 w - a wand of iceblast (21)
 E - a wand of charming (13)
 F - a wand of mindburst (27)
 G - a wand of digging (6)
 W - a wand of paralysis (13)
Scrolls
 f - 4 scrolls of teleportation
 p - 3 scrolls of vulnerability
 r - 3 scrolls of brand weapon
 t - a scroll of identify
 x - 2 scrolls of amnesia
 z - 4 scrolls of magic mapping
 D - 6 scrolls of enchant weapon
 P - 2 scrolls of blinking
 Q - 3 scrolls of fog
 T - 2 scrolls of enchant armour
 U - a scroll of fear
Potions
 a - 2 potions of might
 c - 3 potions of ambrosia
 d - 2 potions of berserk rage
 e - 4 potions of lignification
 h - 5 potions of attraction
 i - 2 potions of flight
 j - 3 potions of curing
 m - 4 potions of resistance
 s - 3 potions of haste
 u - a potion of heal wounds
 v - 3 potions of mutation
 A - 2 potions of magic
 C - a potion of invisibility
 L - a potion of cancellation
 M - a potion of brilliance
Miscellaneous
 g - a piece from Xom's chessboard (15/15)
 V - a phantom mirror


   Skills:
 - Level 13.9 Fighting
 - Level 10.0 Dodging
 - Level 1.7 Stealth
 - Level 10.0 Spellcasting
 - Level 7.0 Conjurations
 - Level 5.0 Necromancy
 - Level 5.2 Transmutations
 - Level 7.0 Ice Magic
 + Level 15.5 Earth Magic


You had 10 spell levels left.
You knew the following spells:

 Your Spells              Type           Power      Damage    Failure   Level
a - Sandblast             Erth           100%       2d20      0%          1
b - Stone Arrow           Conj/Erth      100%       3d13      1%          3
c - Lee's Rapid Deconstr  Erth           38%        3d20*     1%          5
d - Borgnjor's Vile Clut  Necr/Erth      30%        N/A       1%          5
e - Searing Ray           Conj           98%        3d7       1%          2
f - Ozocubu's Armour      Ice            49%        N/A       1%          3
g - Irradiate             Conj/Tmut      22%        3d21      3%          5

Your spell library contained the following spells:

 Spells                   Type           Power      Damage    Failure   Level
 Animate Skeleton         Necr           78%        N/A       1%          1
 Beastly Appendage        Tmut           80%        N/A       1%          1
 Foxfire                  Conj/Fire      100%       2x1d9     1%          1
 Pain                     Necr           100%       1d9       1%          1
 Sting                    Tmut/Pois      100%       1d8       1%          1
 Passwall                 Tmut/Erth      50%        N/A       1%          2
 Wereblood                Tmut           40%        N/A       1%          2
 Conjure Flame            Conj/Fire      31%        6-21      1%          3
 Ignite Poison            Fire/Tmut/Pois 22%        N/A       1%          3
 Mephitic Cloud           Conj/Pois/Air  25%        N/A       1%          3
 Vampiric Draining        Necr           19%        2d8       1%          3
 Petrify                  Tmut/Erth      61%        N/A       1%          4
 Corpse Rot               Necr/Air       N/A        N/A       2%          2
 Ice Form                 Ice/Tmut       44%        N/A       3%          4
 Sticky Flame             Conj/Fire      31%        2d5       3%          4
 Summon Small Mammal      Summ           52%        N/A       4%          1
 Inner Flame              Hex/Fire       13%        N/A       4%          3
 Spider Form              Tmut/Pois      13%        N/A       4%          3
 Animate Dead             Necr           19%        N/A       6%          4
 Call Imp                 Summ           13%        N/A       7%          2
 Poisonous Vapours        Pois/Air       26%        N/A       7%          2
 Fireball                 Conj/Fire      15%        3d8       9%          5
 Summon Ice Beast         Ice/Summ       31%        N/A       11%         4
 Call Canine Familiar     Summ           13%        N/A       14%         3
 Summon Guardian Golem    Hex/Summ       13%        N/A       14%         3
 Agony                    Necr           39%        N/A       16%         5
 Hydra Form               Tmut           20%        N/A       16%         5
 Metabolic Englaciation   Hex/Ice        15%        N/A       30%         5
 Summon Lightning Spire   Summ/Air       13%        N/A       41%         4


Dungeon Overview and Level Annotations

Branches:
Dungeon (12/15)            Temple (1/1) D:4            Lair (6/6) D:8
  Swamp (0/4) Lair:3       Spider (0/4) Lair:4        Slime (0/5) Lair:6
    Orc (2/2) D:11            Elf (0/3) Orc:2

Altars:
Ashenzari
Cheibriados
Dithmenos
Elyvilon
Fedhas
Gozag
Hepliaklqana
Kikubaaqudgha
Makhleb
Nemelex Xobeh
Okawaru
Qazlal
Ru
Sif Muna
Trog
Uskayaw
Vehumet
Wu Jian
Xom
Yredelemnul
Zin
The Shining One
Jiyva
Lugonu

Shops:
D:1 *[   D:3 (   Orc:2 ([*=

Annotations:
D:8 Maurice
D:10 2 transporters, leviel's ghost, novice MiFi
D:12 2 runed translucent doors, Atlas's ghost, journeyman DjAE; Frances
Lair:5 exclusion: oklob plant


Innate Abilities, Weirdness & Mutations

You can breathe blasts of noxious fumes.
Your lurid green scales are hard. (AC +9)
You cannot fit into any form of body armour.
Your tail ends in a poisonous barb.
Your system is resistant to poisons. (rPois)
You are cold-blooded and may be slowed by cold attacks.


Message History

The bolt of fire hits you but does no damage.
The heat melts your icy armour.
You barely miss the deep elf pyromancer.
The deep elf pyromancer is severely wounded.
A centaur comes into view.
The eight-headed hydra closely misses you.
The eight-headed hydra bites you!
The eight-headed hydra bites you but does no damage. x2
The eight-headed hydra barely misses you.
The eight-headed hydra misses you.
The eight-headed hydra bites you but does no damage.
The eight-headed hydra bites you.
The deep elf pyromancer hits you but does no damage.
You feel drained.
The eight-headed hydra completely misses you.
The eight-headed hydra bites you.
The eight-headed hydra bites you but does no damage. x2
The eight-headed hydra closely misses you.
The eight-headed hydra bites you!
The eight-headed hydra bites you but does no damage.
The eight-headed hydra bites you.
Casting: Ozocubu's Armour (safe; 1% risk of failure)
Confirm with . or Enter, or press ? or * to list all spells.
Aiming: Sandblast (safe; 0% risk of failure)
Press: ? - help, Shift-Dir - straight line, f - deep elf pyromancer
Aim: a deep elf pyromancer, wielding a +0 dagger of draining, wearing a +0 ring mail and carrying a wand of acid (7) (severely wounded, 80% to hit)
The blast of sand hits the deep elf pyromancer but does no damage.
The deep elf pyromancer is severely wounded.
The deep elf pyromancer zaps a wand.
The bolt of acid hits you! The acid corrodes you!
You are splashed with acid!
* * * LOW HITPOINT WARNING * * *
The eight-headed hydra bites you!
* * * LOW HITPOINT WARNING * * *
The eight-headed hydra barely misses you.
The eight-headed hydra bites you.
* * * LOW HITPOINT WARNING * * *
The eight-headed hydra bites you!
* * * LOW HITPOINT WARNING * * *
The eight-headed hydra bites you.
You die...

#.........# ............#........
..........#.............#........
#.####...#.............#........
##.#......+D..........#..........
..........#....##.....#.#.....###
...#.###........ .... ...........
##.........####### ##########'
...........#.#.#e# ##.#
#..........#.#.#@### #.#.
#..........#.....Dc# ##.#
#..........#.#.#.#..# #.#.
####+#.....#.#.#)#...# ##.#
####.#.....###'### ### ###'
...........# ##.## #[##
#..........#####.# #.#
#.....###<.##...## ###) ###...#
#..#.#### #(.#


You could see an eight-headed hydra, a deep elf pyromancer and a centaur.

Vanquished Creatures
  2 acid blobs
  An azure jelly (Lair:6)
  An orc warlord (Orc:2)
  Nessos (Orc:2)
  8 hydras
  A boulder beetle (D:12)
  Erica (D:11)
  A catoblepas (Lair:4)
  3 two-headed ogres
  7 death yaks
  3 orc high priests (Orc:2)
  A fire crab (Lair:6)
  5 skeletal warriors
  5 orc knights
  Pikel (D:9)
  7 orc sorcerers
  A deep elf pyromancer (D:12)
  3 ugly things (D:12)
  4 oklob plants (Lair:4)
  3 cyclopes (D:12)
  2 manticores (D:12)
  12 elephants
  Maggie (D:9)
  7 black mambas
  6 rime drakes
  4 unseen horrors
  28 cane toads
  10 komodo dragons
  Psyche (D:9)
  4 tyrant leeches
  3 polar bears
  2 trolls
  30 blink frogs
  A meliai zombie (D:11)
  Sigmund (D:2)
  A vampire (D:10)
  3 wraiths
  A shadow (D:11)
  A redback (Lair:4)
  6 basilisks
  4 wyverns
  28 yaks
  14 vampire mosquitoes
  3 wargs
  4 swamp worms (Lair:3)
  5 acid dragons
  9 water moccasins
  5 black bears
  31 orc warriors
  3 ice beasts
  A necrophage (D:5)
  31 wolves
  10 ogres
  7 centaurs
  A lemure (D:9)
  19 bullfrogs
  3 gnoll sergeants
  A wyvern zombie (D:9)
  2 scorpions
  2 water moccasin zombies
  12 killer bees
  2 electric eels
  4 howler monkeys
  17 wights
  4 centaur zombies
  6 jellies
  A bullfrog skeleton (D:5)
  A bullfrog zombie (D:5)
  A hound (D:7)
  5 gnoll shamans
  22 orc priests
  A centaur skeleton (D:5)
  3 iguanas
  Natasha (D:2)
  Terence (D:2)
  30 orc wizards
  41 gnolls
  2 howler monkey zombies
  6 adders
  2 worms
  4 dart slugs
  85 orcs
  7 ball pythons
  14 endoplasms
  6 giant cockroaches
  10 goblins
  8 hobgoblins
  5 jackals
  5 quokkas
  8 bats
  5 frilled lizards (D:2)
  14 kobolds
  25 rats
  A spectral orc (D:7)
725 creatures vanquished.

Vanquished Creatures (others)
  A rime drake (Lair:4)
  A meliai simulacrum (D:12)
  A killer bee (D:6)
  An orc priest (Orc:2)
  51 fungi
  157 plants
212 creatures vanquished.

Grand Total: 937 creatures vanquished

Notes
Turn   | Place    | Note
-------+----------+-------------------------------------------
     0 | D:1      | tardwrangler69 the Draconian Earth Elementalist began the
                  | quest for the Orb.
     0 | D:1      | Reached XP level 1. HP: 14/14 MP: 3/3
   397 | D:1      | Reached XP level 2. HP: 12/20 MP: 0/5
   795 | D:1      | Found a faded altar of an unknown god.
   796 | D:1      | Found Luczuirph's Armour Boutique.
  1140 | D:1      | Reached XP level 3. HP: 26/26 MP: 6/6
  1222 | D:1      | Found Alev's General Store.
  1247 | D:1      | Reached skill level 4 in Earth Magic
  1445 | D:2      | Noticed Sigmund
  1903 | D:2      | Killed Sigmund
  1904 | D:2      | Reached skill level 5 in Earth Magic
  1904 | D:2      | Reached XP level 4. HP: 33/33 MP: 1/9
  1904 | D:2      | Reached XP level 5. HP: 38/38 MP: 1/10
  2501 | D:2      | Learned a level 3 spell: Stone Arrow
  2635 | D:2      | Noticed Terence
  2664 | D:2      | Killed Terence
  2665 | D:2      | Reached XP level 6. HP: 10/45 MP: 0/11
  2947 | D:2      | Reached skill level 1 in Conjurations
  3533 | D:2      | Noticed Natasha
  3540 | D:2      | Killed Natasha
  4100 | D:3      | Found Imat's Antique Weapon Emporium.
  4473 | D:3      | Found a white marble altar of Elyvilon.
  4726 | D:3      | Found a broken altar of Ashenzari.
  4894 | D:3      | Found a shimmering altar of Xom.
  4895 | D:3      | Found a hazy altar of Hepliaklqana.
  4896 | D:3      | Noticed a spectral ugly thing
  5306 | D:4      | Reached skill level 6 in Earth Magic
  5528 | D:4      | Found a staircase to the Ecumenical Temple.
  5533 | D:4      | Your scales start taking on a lurid green colour.
  5533 | D:4      | Reached XP level 7. HP: 50/50 MP: 10/13
  5533 | D:4      | Gained mutation: Your system is resistant to poisons.
                  | (rPois) [Green Draconian growth]
  5546 | Temple   | Entered the Ecumenical Temple
  5961 | D:4      | Found a glowing golden altar of the Shining One.
  6062 | D:5      | Entered Level 5 of the Dungeon
  7126 | D:5      | Found a glowing silver altar of Zin.
  7130 | D:5      | Found an ancient bone altar of Kikubaaqudgha.
  7498 | D:6      | Reached XP level 8. HP: 49/57 MP: 15/15
  7506 | D:6      | Reached skill level 5 in Conjurations
  7602 | D:6      | Reached skill level 5 in Spellcasting
  7808 | D:6      | Reached skill level 7 in Earth Magic
  8797 | D:7      | Learned a level 5 spell: Lee's Rapid Deconstruction
  8934 | D:7      | Found an opulent altar of Gozag.
  8957 | D:7      | Found a basalt altar of Yredelemnul.
  9015 | D:7      | Reached XP level 9. HP: 49/62 MP: 11/17
  9027 | D:7      | Reached skill level 8 in Earth Magic
 10097 | D:8      | Noticed Maurice
 10188 | D:8      | Reached skill level 9 in Earth Magic
 10290 | D:8      | Found a staircase to the Lair.
 10312 | D:8      | Reached skill level 10 in Earth Magic
 10560 | D:8      | Found a burning altar of Makhleb.
 10654 | D:8      | Noticed a two-headed ogre
 10667 | D:8      | Killed a two-headed ogre
 10668 | D:8      | Reached skill level 11 in Earth Magic
 10668 | D:8      | Reached XP level 10. HP: 69/69 MP: 15/20
 10731 | D:8      | Found an iron altar of Okawaru.
 10895 | D:9      | Found a stormy altar of Qazlal.
 11843 | D:9      | Reached skill level 1 in Fighting
 11877 | D:9      | Noticed Pikel
 11880 | D:9      | Noticed Psyche
 11888 | D:9      | Killed Pikel
 11891 | D:9      | Killed Psyche
 12054 | D:9      | Noticed Maggie
 12167 | D:9      | Killed Maggie
 12577 | D:9      | Found a blossoming altar of Fedhas.
 12761 | D:10     | Entered Level 10 of the Dungeon
 13020 | D:10     | Reached skill level 5 in Fighting
 13145 | D:10     | Found a transporter.
 13159 | D:10     | Found a transporter.
 13164 | D:10     | Noticed leviel's ghost (novice MiFi)
 13189 | D:10     | Reached XP level 11. HP: 88/88 MP: 10/21
 13230 | D:10     | Reached skill level 5 in Dodging
 13426 | D:10     | Found an ornate altar of the Wu Jian Council.
 13638 | D:10     | Found a radiant altar of Vehumet.
 13707 | D:10     | Found a shimmering blue altar of Sif Muna.
 13978 | D:10     | Became a worshipper of Vehumet
 14011 | D:10     | Got Sif Muna's Compendium of Evil Rites
 14013 | D:10     | Got Sif Muna's Almanac of Transformation
 14016 | D:10     | Got Sif Muna's Papyrus of Arcane Weapons
 14935 | D:11     | Found a staircase to the Orcish Mines.
 16980 | D:12     | Noticed a six-headed hydra
 17007 | D:12     | Noticed a skeletal warrior
 17220 | Lair:1   | Entered Level 1 of the Lair of Beasts
 17679 | Lair:1   | Reached * piety under Vehumet
 17679 | Lair:1   | Offered knowledge of Magic Dart by Vehumet.
 18377 | Lair:1   | Identified the +9 mace "Varreof" {vorpal, Int+5 Dex-3}
 19138 | Lair:2   | Reached XP level 12. HP: 105/105 MP: 19/22
 19141 | Lair:2   | You fall into a shaft and drop 2 floors!
 19158 | Lair:4   | Noticed a five-headed hydra
 19161 | Lair:4   | Identified a scroll of acquirement
 19161 | Lair:4   | Acquired the Disquisition on Sinister Snow
 19169 | Lair:4   | Learned a level 5 spell: Borgnjor's Vile Clutch
 19196 | Lair:4   | Found a hole to the Spider Nest.
 19207 | Lair:4   | Reached skill level 1 in Necromancy
 19216 | Lair:4   | Noticed a catoblepas
 19372 | Lair:4   | Noticed a death yak
 19820 | Lair:2   | Reached skill level 10 in Fighting
 20691 | Lair:3   | Offered knowledge of Searing Ray by Vehumet.
 20692 | Lair:3   | Reached skill level 5 in Necromancy
 21594 | Lair:3   | Noticed a five-headed hydra
 21600 | Lair:3   | Killed a five-headed hydra
 22085 | Lair:3   | Found a staircase to the Swamp.
 22194 | Lair:3   | Reached skill level 10 in Dodging
 22522 | Lair:4   | Noticed a seven-headed hydra
 22529 | Lair:4   | Killed a seven-headed hydra
 22529 | Lair:4   | Reached ** piety under Vehumet
 22530 | Lair:4   | Reached skill level 12 in Earth Magic
 22570 | Lair:4   | Killed a five-headed hydra
 22673 | Lair:4   | Noticed a death yak
 22929 | Lair:4   | Killed a death yak
 23155 | Lair:4   | Killed a death yak
 23156 | Lair:4   | Reached skill level 13 in Earth Magic
 23561 | Lair:4   | Learned a level 2 spell: Searing Ray
 23822 | Lair:4   | Reached XP level 13. HP: 68/113 MP: 8/23
 25017 | Lair:5   | Reached skill level 14 in Earth Magic
 26194 | Lair:6   | Entered Level 6 of the Lair of Beasts
 26303 | Lair:5   | Offered knowledge of Ignite Poison by Vehumet.
 26479 | Lair:5   | Reached skill level 15 in Earth Magic
 27205 | Lair:5   | Reached *** piety under Vehumet
 28656 | Lair:6   | Offered knowledge of Frozen Ramparts by Vehumet.
 28657 | Lair:6   | Gained mutation: Your tail ends in a poisonous barb. [Green
                  | Draconian growth]
 28657 | Lair:6   | Reached XP level 14. HP: 114/121 MP: 7/27
 28779 | Lair:6   | Reached skill level 10 in Spellcasting
 29281 | Lair:6   | Noticed an acid blob
 29290 | Lair:6   | Killed an acid blob
 29307 | Lair:6   | Noticed an azure jelly
 29475 | Lair:6   | Noticed an acid blob
 29772 | Lair:5   | Killed an acid blob
 29955 | Lair:6   | Killed an azure jelly
 29972 | Lair:6   | Reached **** piety under Vehumet
 30320 | Lair:6   | Offered knowledge of Fulminant Prism by Vehumet.
 31209 | Lair:6   | Found a staircase to the Slime Pits.
 31209 | Lair:6   | Found a viscous altar of Jiyva.
 31364 | Lair:6   | Identified the +6 hand axe of the Saving Soothsayer {venom,
                  | Int+4}
 31373 | Lair:6   | Identified the Grimoire of the Cankerous Arsonist
 31427 | Lair:6   | Noticed a rockslime
 31636 | Lair:6   | Noticed a rockslime
 32123 | Lair:5   | Learned a level 3 spell: Ozocubu's Armour
 32364 | Orc:1    | Entered Level 1 of the Orcish Mines
 32423 | D:11     | Reached skill level 1 in Ice Magic
 32716 | Orc:1    | Reached ***** piety under Vehumet
 32716 | Orc:1    | Offered knowledge of Irradiate by Vehumet.
 32861 | Orc:1    | Noticed Erica
 32875 | D:11     | Killed Erica
 33042 | Orc:1    | Found a burning altar of Makhleb.
 33211 | Orc:2    | Entered Level 2 of the Orcish Mines
 33829 | Orc:2    | Noticed Nessos
 33838 | Orc:2    | Killed Nessos
 34090 | Orc:2    | Paralysed by an orc sorcerer for 2 turns
 34424 | Orc:1    | Learned a level 5 spell: Irradiate
 34444 | Orc:2    | Noticed an orc warlord
 34989 | Orc:2    | Killed an orc warlord
 36007 | Orc:2    | Reached XP level 15. HP: 127/136 MP: 18/29
 36605 | Orc:2    | Reached skill level 5 in Transmutations
 37340 | Orc:2    | Found Larchusao's General Store.
 37341 | Orc:2    | Found Voyl's Jewellery Emporium.
 37343 | Orc:2    | Found Qeosch Meutt's Antique Armour Shoppe.
 37343 | Orc:2    | Found Gex Ing's Antique Weapon Shoppe.
 37447 | Orc:2    | Found a staircase to the Elven Halls.
 37463 | Orc:2    | Paralysed by an orc sorcerer for 6 turns
 37474 | Orc:2    | Reached skill level 5 in Ice Magic
 38676 | D:12     | Noticed Frances
 38706 | D:12     | Found a runed translucent door.
 38711 | D:12     | Found a runed translucent door.
 38781 | D:12     | Noticed a shadow dragon
 38785 | D:12     | Noticed Atlas's ghost (journeyman DjAE)
 38808 | D:12     | Noticed a lich
 40441 | D:12     | HP: 3/136 [eight-headed hydra (7)]
 40441 | D:12     | Slain by an eight-headed hydra

Illustrated notes

Levels and vault maps discovered:
D:1:      amcnicky_arrival_underground_garden, layout_basic,
          shapermc_ecumenical_altar_venn, serial_shops, shop, shop,
          minmay_3d_cube
D:2:      minmay_thinvault, layout_loops_corners, serial_bayou,
          serial_bayou_shore_a, serial_bayou_pond_d, serial_bayou_pond_b,
          serial_bayou_pond_a, serial_bayou_pond_a, serial_bayou_lagoon_a,
          minmay_rat_hole, uniq_sigmund, uniq_terence, uniq_natasha
D:3:      layout_basic, regret_index_temple_of_mockery,
          lemuel_coloured_pillars_altar, nicolae_elyvilon_temple_path,
          serial_shops, nicolae_shop_temple_entry_statues_fountains,
          amcnicky_mini_pool_small
D:4:      layout_loops_ring, kennysheep_mini, minmay_temple_entry_offerings
D:5:      layout_rooms, chequers_temple_overflow_statue_of_worship
D:6:      layout_basic
D:7:      layout_rooms, yredelemnul_forgotten_temple_becter,
          grunt_gozag_statues, hex_medium, glass_columns_a
D:8:      layout_basic, okawaru_altar_gauntlet_db, lightli_temple_of_fire,
          due_lair_maze_entry_diamond, uniq_maurice
D:9:      layout_long_grid, lemuel_doored_altar, grunt_qazlal_clouds,
          kennysheep_crisscross, kennysheep_generic_room_13, uniq_pikel,
          uniq_maggie, uniq_psyche
D:10:     layout_loops_ring, nicolae_overflow_crystal_walls, vehumet_crystals,
          nicolae_sif_muna_little_library, gammafunk_ghost_stat_death,
          hangedman_abyss_or_decor_jellyfish_corner
D:11:     layout_cave_pods, erik_orc_3
D:12:     minmay_the_grid_square_5x5_4x4 [minmay_the_grid_square_5x5_checkered,
          minmay_the_grid_square_5x5_percent, minmay_the_grid_square_5x5_mess,
          minmay_the_grid_square_5x5_sharp_hourglass,
          minmay_the_grid_square_5x5_inner_i,
          minmay_the_grid_square_5x5_prize_pseudospiral,
          minmay_the_grid_square_5x5_prize_itemx,
          minmay_the_grid_square_5x5_tri_point,
          minmay_the_grid_square_5x5_inverted_slash,
          minmay_the_grid_square_5x5_prize_monsterx,
          minmay_the_grid_square_5x5_prize_snowflake,
          minmay_the_grid_square_5x5_z, minmay_the_grid_square_5x5_tie,
          minmay_the_grid_square_5x5_almost_minimal,
          minmay_the_grid_square_5x5_empty,
          minmay_the_grid_square_5x5_eight_small], layout_basic,
          muffindrake_ghost_dual_entry, hangedman_corner_corridor, uniq_frances
Temple:   corrupted_temple
Lair:1:   layout_loops_ring, grunt_megastairs_3, serial_bayou_shore_b
Lair:2:   layout_gridlike
Lair:3:   layout_layer_cave, nicolae_swamp_entry_splash_gauntlet
Lair:4:   beast_lair_carwin_large_1, layout_cellular_growth,
          spider_nest_entry_a, lemuel_old_faithful, infiniplex_staircase_pool_2,
          minmay_lair_oklob_chamber
Lair:5:   layout_cave_shapes
Lair:6:   minmay_lair_end_frog_pond, layout_misc_corridors, slime_altar_1,
          special_room [special_room_jelly], grunt_forest_large_clearings
Orc:1:    layout_diamond_mine, basic_altar, abandoned_shop, uniq_erica
Orc:2:    st_orc_congregation, layout_caves, uniq_nessos

Skill      XL: |  1  2  3  4  5  6  7  8  9 10 11 12 13 14 15 |
---------------+----------------------------------------------+-----
Earth Magic    | 5 6 7 11 13 15 | 15.5
Spellcasting   | 3 4 5 7 9 10 | 10.0
Conjurations   | 2 4 6 7 |  7.0
Dodging        | 4 8 10 | 10.0
Fighting       | 5 9 10 13 | 13.9
Necromancy     | 5 |  5.0
Ice Magic      | 4 7 |  7.0
Transmutations | 4 5 |  5.2
Stealth        | |  1.7

Action                   |  1- 3 |  4- 6 |  7- 9 | 10-12 | 13-15 || total
-------------------------+-------+-------+-------+-------+-------++-------
Melee: Unarmed           |    26 |       |       |       |       ||    26
       Tailslap          |     4 |    20 |    32 |    15 |    18 ||    89
       Dagger            |    24 |       |       |       |       ||    24
       Long sword        |    30 |   170 |       |       |       ||   200
       Falchion          |       |    62 |   191 |    53 |       ||   306
       Trident           |       |       |       |   125 |       ||   125
       Mace              |       |       |       |    11 |   110 ||   121
 Cast: Sandblast         |    21 |    33 |   132 |   231 |    93 ||   510
       Stone Arrow       |       |       |    13 |    82 |   536 ||   631
       Lee's Rapid Decon |       |       |       |    26 |    46 ||    72
       Borgnjor's Vile C |       |       |       |    13 |    29 ||    42
       Searing Ray       |       |       |       |       |     4 ||     4
       Irradiate         |       |       |       |       |     5 ||     5
       Ozocubu's Armour  |       |       |       |       |     3 ||     3
 Abil: Breathe Noxious F |       |       |    13 |    18 |    19 ||    50
Evoke: Wand              |       |       |       |     1 |       ||     1
  Use: Scroll            |       |     3 |     7 |    10 |    16 ||    36
       Potion            |       |       |       |     3 |     1 ||     4
 Stab: Sleeping          |     3 |     4 |     1 |       |       ||     8
       Confused          |       |       |     1 |     1 |     2 ||     4
Armor: Skin              |    34 |   106 |   118 |   159 |   222 ||   639
Dodge: Dodged            |    84 |   194 |   191 |   293 |   365 ||  1127
Block: Other             |       |    31 |    81 |    95 |   164 ||   371
       Reflection        |       |       |       |     8 |     6 ||    14
       Rpst.: Long sword |     6 |    49 |       |       |       ||    55
       Falchion          |       |     7 |    61 |    15 |       ||    83

Table legend: (Time is in decaauts)
 A = Elapsed time spent in this place.
 B = Non-inter-level travel time spent in this place.
 C = Inter-level travel time spent in this place.
 D = Time resting spent in this place.
 E = Time spent auto-exploring this place.
 F = Levels seen in this place.
 G = Mean time per level.
                   A        B        C        D        E       F      G
               +--------+--------+--------+--------+--------+-----+--------+
         Total |  40841 |  38989 |   1852 |   6436 |  26899 |  21 | 1944.8 |
       Dungeon |  19902 |  18935 |    967 |   1585 |  14297 |  12 | 1658.5 |
        Temple |     50 |     36 |     14 |      0 |     36 |   1 |   50.0 |
          Lair |  15152 |  14650 |    502 |   2300 |  10541 |   6 | 2525.3 |
  Orcish Mines |   5735 |   5367 |    368 |   2551 |   2025 |   2 | 2867.5 |
               +--------+--------+--------+--------+--------+-----+--------+

Top non-repeatable levels by time:
  Lair:5: 5149 daAuts
    D:10: 3266 daAuts
   Orc:1: 3031 daAuts
   Orc:2: 2704 daAuts
  Lair:4: 2618 daAuts
     D:2: 2309 daAuts
  Lair:6: 2268 daAuts
  Lair:3: 2148 daAuts
    D:11: 2069 daAuts
     D:9: 1952 daAuts
     D:1: 1894 daAuts
  Lair:1: 1597 daAuts
    D:12: 1526 daAuts
     D:4: 1506 daAuts
  Lair:2: 1370 daAuts
